 Dungeon Crawl Stone Soup version 0.19.5 (webtiles) character file.

364 HeyBub the Slasher (level 6, -1/51 HPs)
             Began as a Minotaur Monk on Apr 13, 2017.
             Killed from afar by Rufus's ghost (10 damage)
             ... with a spray of energy
             ... on level 4 of the Dungeon.
             The game lasted 00:04:59 (2077 turns).

HeyBub the Slasher (Minotaur Monk)                  Turns: 2077, Time: 00:04:59

Health: -1/51      AC:  6    Str: 17    XL:     6   Next: 39%
Magic:  5/5        EV: 14    Int:  7    God:
Gold:   237        SH:  0    Dex: 17    Spells: 0 memorised, 5 levels left

rFire  . . .     SeeInvis .     a - +0 falchion
rCold  . . .     Gourm    .     g - +0 mottled dragon scales
rNeg   . . .     Faith    .     (no shield)
rPois  .         Spirit   .     (helmet restricted)
rElec  .         Reflect  .     (no cloak)
rCorr  .         Harm     .     (no gloves)
MR     .....                    (no boots)
Stlth  ++........               (no amulet)
                                (no ring)
                                h - +4 ring of dexterity

@: no status effects
A: retaliatory headbutt, horns 2
a: no special abilities


You were on level 4 of the Dungeon.
You were not hungry.

You visited 1 branch of the dungeon, and saw 4 of its levels.

You collected 237 gold pieces.

Inventory:

Hand Weapons
 a - a +0 falchion (weapon)
Armour
 g - +0 mottled dragon scales (worn)
Jewellery
 h - a +4 ring of dexterity (left hand)
Scrolls
 d - 2 scrolls of immolation {unknown}
 e - 7 scrolls of identify {unknown}
 f - 2 scrolls of remove curse {unknown}
 i - a scroll of fear {unknown}
 l - a scroll of amnesia {unknown}
 m - a scroll of teleportation {unknown}
 n - a scroll of enchant armour {unknown}
 s - a scroll of fog {unknown}
Potions
 j - a potion of magic
 k - a potion of flight
Comestibles
 c - 2 bread rations
 p - a beef jerky
 t - 2 meat rations


   Skills:
 - Level 3.6 Fighting
 - Level 7.1 Long Blades
 + Level 3.0 Armour
 + Level 4.8 Dodging
 - Level 1.5 Stealth


You had 5 spell levels left.
You didn't know any spells.

Dungeon Overview and Level Annotations

Branches:
Dungeon (4/15)
 Temple: D:4-7

Altars:

Annotations:
D:4 Rufus's ghost, amateur NaCj


Innate Abilities, Weirdness & Mutations

You reflexively headbutt those who attack you in melee.
You have a pair of horns on your head.


Message History

Rufus's ghost is heavily damaged.
Rufus's ghost casts a spell at you. The spray of energy hits you!
You are confused.
You hit Rufus's ghost but do no damage.
Rufus's ghost is heavily damaged.
Rufus's ghost closely misses you.
Found a meat ration.
You hit Rufus's ghost but do no damage.
Rufus's ghost is heavily damaged.
Rufus's ghost hits you!
* * * LOW HITPOINT WARNING * * *
Okay, then.
You're too confused!
Rufus's ghost casts a spell at you. The magic dart hits you!
You feel less confused.
Rufus's ghost gestures at you while chanting.
The spray of energy hits you!
You die...

..+......# ..#####..#
.######+# +######..##
#........ ..........+
#........ ..........#
+........ #..##.....#
#........
#..##.>...######........
+.........#........%....
#.........#.....@.......
#.........#.............
#######'###..(..........
.........(...W..........
........................
................##'#####
..(........###+## ...
####.......# ...#
#......(# .##


You could see Rufus's ghost.

Vanquished Creatures
  An ogre (D:3)
  The ghost of antigravityiii the Conjurer, an amateur DrCj of Sif Muna (D:3)
  A hound (D:4)
  An orc priest (D:3)
  An orc wizard (D:3)
  Robin (D:3)
  2 adders
  An ooze (D:3)
  2 dart slugs
  4 leopard geckos
  5 orcs
  3 giant cockroaches
  16 goblins
  5 hobgoblins
  6 bats (D:3)
  3 frilled lizards
  5 kobolds
  2 rats
60 creatures vanquished.

Notes
Turn   | Place    | Note
-------+----------+-------------------------------------------
     0 | D:1      | HeyBub the Minotaur Monk began the quest for the Orb.
     0 | D:1      | Reached XP level 1. HP: 19/19 MP: 0/0
   118 | D:1      | Reached skill level 4 in Long Blades
   168 | D:1      | Reached XP level 2. HP: 26/26 MP: 1/1
   665 | D:2      | Reached skill level 5 in Long Blades
   672 | D:2      | Reached XP level 3. HP: 26/31 MP: 2/2
  1102 | D:3      | Noticed antigravityiii's ghost (amateur DrCj)
  1128 | D:3      | Killed antigravityiii's ghost
  1128 | D:3      | Reached skill level 6 in Long Blades
  1128 | D:3      | Reached XP level 4. HP: 14/39 MP: 3/3
  1476 | D:3      | Noticed Robin
  1490 | D:3      | Killed Robin
  1490 | D:3      | Reached skill level 7 in Long Blades
  1490 | D:3      | Reached XP level 5. HP: 40/45 MP: 4/4
  1628 | D:3      | Noticed an ogre
  1633 | D:3      | Killed an ogre
  1711 | D:3      | Reached XP level 6. HP: 42/51 MP: 5/5
  2050 | D:4      | Noticed Rufus's ghost (amateur NaCj)
  2066 | D:4      | HP: 2/51 [Rufus's ghost/spray of energy (18)]
  2077 | D:4      | Killed from afar by Rufus's ghost

Skill      XL: |  1  2  3  4  5  6 |
---------------+-------------------+-----
Long Blades    | 4 5 6 7 |  7.1
Armour         | 2 3 |  3.0
Dodging        | 4 |  4.8
Fighting       | |  3.6
Stealth        | |  1.5

Action                   |  1- 3 |  4- 6 || total
-------------------------+-------+-------++-------
Melee: Falchion          |    61 |    43 ||   104
       Headbutt          |     7 |    12 ||    19
Throw: Javelin           |       |    62 ||    62
  Use: Potion            |     4 |     3 ||     7
 Stab: Sleeping          |     3 |       ||     3
  Eat: Bread ration      |       |     1 ||     1
Armor: Mottled dragon sc |    16 |    22 ||    38
       Robe              |     2 |       ||     2
Dodge: Dodged            |    33 |    33 ||    66
       Rpst.: Falchion   |     8 |     9 ||    17
